 Dungeon Crawl Stone Soup version 0.29-a0-613-gf2c431b9b9 (webtiles) character file.

Game seed: 12142862546527353050

2573 Patoropollo the Severer (level 9, -2/105 HPs)
             Began as a Hill Orc Fighter on June 17, 2022.
             Was a Follower of Beogh.
             Slain by an ice beast (9 damage)
             ... on level 7 of the Dungeon.
             The game lasted 00:11:48 (6348 turns).

Patoropollo the Severer (Hill Orc Fighter)          Turns: 6348, Time: 00:11:49

Health: -2/105     AC: 15    Str: 23    XL:     9   Next: 57%
Magic:  9/9        EV:  9    Int:  8    God:    Beogh [*.....]
Gold:   286        SH:  5    Dex: 16    Spells: 8/8 levels left

rFire   . . .      SeeInvis +   a - +1 war axe
rCold   . . .      Faith    .   c - +0 buckler
rNeg    . . .      Spirit   .   b - +0 scale mail
rPois   .          Reflect  .   (no helmet)
rElec   .          Harm     .   v - +2 cloak
rCorr   .          Rampage  .   m - +1 pair of gloves of Ashenzari {Dex+6 SInv}
Will    .....                   E - +2 pair of boots
Stlth   ..........              (no amulet)
HPRegen 0.27/turn               (no ring)
MPRegen 0.11/turn               (no ring)

@: berserking, very quick
A: no striking features
a: Renounce Religion


You were on level 7 of the Dungeon.
You worshipped Beogh.
Beogh was aware of your devotion.
You visited 2 branches of the dungeon, and saw 8 of its levels.
You also visited: Sewer.

You collected 286 gold pieces.

Inventory:

Hand Weapons
 a - a +1 war axe (weapon)
Armour
 b - a +0 scale mail (worn)
 c - a +0 buckler (worn)
 m - the +1 pair of gloves of Ashenzari (worn) {Dex+6 SInv}
   (You acquired it on level 5 of the Dungeon)

   Dex:       It affects your dexterity (+6).
   SInv:      It lets you see invisible.
 v - a +2 cloak (worn)
 E - a +2 pair of boots (worn)
Jewellery
 i - an amulet of magic regeneration
 q - a +6 ring of intelligence
Wands
 F - a wand of digging (4)
Scrolls
 e - a scroll of identify
 j - a scroll of fog
 l - 3 scrolls of enchant weapon
 t - 4 scrolls of immolation
 x - 3 scrolls of teleportation
Potions
 d - 3 potions of might
 f - a potion of berserk rage
 g - 2 potions of heal wounds {unknown}
 k - 2 potions of curing
 n - 6 potions of attraction
 o - a potion of cancellation
 r - 2 potions of lignification
 u - a potion of haste
 D - 2 potions of invisibility


   Skills:
 - Level 3.6 Fighting
 + Level 16.3 Axes
 - Level 3.2 Armour
 - Level 3.2 Shields


You had 8 spell levels left.
You didn't know any spells.
Your spell library contained the following spells:

 Spells                   Type           Power      Damage    Failure   Level
 Tukima's Dance           Hex            0%         N/A       99%         3
 Passage of Golubria      Tloc           0%         N/A       100%        4
 Yara's Violent Unravell  Hex/Tmut       0%         3d3       100%        5


Dungeon Overview and Level Annotations

Branches:
Dungeon (7/15)             Temple (1/1) D:4           Sewer (visited)

Altars:
Ashenzari
Cheibriados
Dithmenos
Fedhas
Gozag
Kikubaaqudgha
Makhleb
Nemelex Xobeh
Okawaru
Qazlal
Ru
Trog
Uskayaw
Vehumet
Wu Jian
Xom
Yredelemnul

Shops:
D:1 !   D:4 =

Annotations:
D:7 Menkaure


Message History

Things that are here:
a +0 dagger; an orc corpse The orc closely misses you.
The orc priest hits you with a +0 trident.
You slice the orc!!
You kill the orc!
Beogh accepts your kill.
You slash the orc priest!
The orc priest hits you but does no damage.
You slash the orc priest!
You kill the orc priest!
Beogh accepts your kill.
Beogh appreciates your killing of a heretic priest.
You closely miss the ice beast.
The ice beast hits you but does no damage.
You hit the ice beast but do no damage. You barely miss the ice beast.
The ice beast hits you. The ice beast freezes you!
* * * LOW HITPOINT WARNING * * *
You closely miss the ice beast. You block the ice beast's attack.
Menkaure calls on the powers of darkness!
Your body is wracked with pain!
* * * LOW HITPOINT WARNING * * *
The ice beast convulses!
You hit the ice beast.
The ice beast is heavily wounded.
The ice beast barely misses you.
You closely miss the ice beast.
The ice beast is heavily wounded.
You block the ice beast's attack.
A red film seems to cover your vision as you go berserk!
You feel yourself moving faster!
You feel mighty!
Menkaure mumbles drily.
Menkaure calls on the powers of darkness!
Your body is wracked with pain!
* * * LOW HITPOINT WARNING * * *
The ice beast convulses!
The ice beast hits you.
* * * LOW HITPOINT WARNING * * *
The ice beast freezes you!
You die...

#........# ..
#$.......#....
#........#....
#........#....
#####.<....)......
#...)....)).....!. #####
#)######.#))).....
......#Y# #.#)#...##.
......)@# #.......#
......)##.....)##.......
<.....M #.####.###..##..
....... ... #.# ..
....... .#.. ... .
....... #.... ....
....... . .... ....
......# .# #) ....


You could see an ice beast and Menkaure.

Vanquished Creatures
  Pikel (D:7)
  Eustachio (D:5)
  Duvessa (D:5)
  A sky beast (D:6)
  2 black bears
  2 orc warriors (D:7)
  An ice beast (D:6)
  An ogre (D:5)
  A centaur (D:6)
  2 phantoms
  A kobold brigand (D:6)
  A scorpion (D:5)
  Dowan (D:5)
  4 howler monkeys
  2 orc priests (D:7)
  2 hounds (D:6)
  4 iguanas
  5 orc wizards
  13 adders
  A river rat (Sewer)
  2 white imps
  2 ufetubi
  6 dart slugs
  3 worms
  18 orcs
  6 ball pythons
  4 endoplasms
  A giant cockroach (D:2)
  7 goblins
  6 hobgoblins
  4 jackals (D:2)
  3 quokkas
  5 bats
  8 frilled lizards
  13 kobolds
  17 rats
152 creatures vanquished.

Vanquished Creatures (others)
  An ogre (D:4)
  An orc wizard (D:4)
  2 plants (D:7)
4 creatures vanquished.

Grand Total: 156 creatures vanquished

Notes
Turn   | Place    | Note
-------+----------+-------------------------------------------
     0 | D:1      | Patoropollo the Hill Orc Fighter began the quest for the
                  | Orb.
     0 | D:1      | Reached XP level 1. HP: 19/19 MP: 1/1
    12 | D:1      | Found Yxzuimod's Distillery.
    51 | D:1      | Reached skill level 3 in Axes
    81 | D:1      | Reached XP level 2. HP: 17/26 MP: 2/2
   395 | D:1      | Reached skill level 4 in Axes
   774 | D:1      | Reached XP level 3. HP: 31/31 MP: 3/3
  1008 | D:2      | Reached skill level 5 in Axes
  1018 | D:2      | Reached XP level 4. HP: 18/39 MP: 4/4
  1499 | D:2      | Reached skill level 6 in Axes
  1684 | D:3      | Noticed a black bear
  1695 | D:3      | Killed a black bear
  1696 | D:3      | Reached skill level 7 in Axes
  1696 | D:3      | Reached XP level 5. HP: 40/45 MP: 5/5
  2174 | D:3      | Reached skill level 8 in Axes
  2201 | D:3      | Found a shimmering altar of Xom.
  2248 | D:3      | Reached XP level 6. HP: 51/51 MP: 6/6
  2299 | D:3      | Found a basalt altar of Yredelemnul.
  2429 | D:3      | Found an opulent altar of Gozag.
  2720 | D:4      | Found a glowing drain.
  2743 | Sewer    | Entered a sewer
  2886 | Sewer    | Reached skill level 9 in Axes
  3290 | D:4      | Reached XP level 7. HP: 56/57 MP: 7/7
  3544 | D:4      | Found a staircase to the Ecumenical Temple.
  3565 | Temple   | Entered the Ecumenical Temple
  3763 | D:4      | Became a worshipper of Beogh the Brigand
  3769 | D:4      | Reached skill level 10 in Axes
  3957 | D:4      | Found Perch's Jewellery Shop.
  4227 | D:5      | Entered Level 5 of the Dungeon
  4245 | D:5      | Reached skill level 11 in Axes
  4427 | D:5      | Noticed Duvessa
  4440 | D:5      | Killed Duvessa
  4441 | D:5      | Reached XP level 8. HP: 54/64 MP: 8/8
  4443 | D:5      | Noticed Dowan
  4464 | D:5      | Killed Dowan
  4465 | D:5      | Reached skill level 12 in Axes
  4686 | D:5      | Noticed Eustachio
  4724 | D:5      | Killed Eustachio
  5004 | D:5      | Identified a scroll of acquirement
  5004 | D:5      | Acquired the +1 pair of gloves of Ashenzari {Dex+6 SInv}
  5173 | D:6      | Reached skill level 13 in Axes
  5350 | D:6      | Found a radiant altar of Vehumet.
  5484 | D:6      | Found a sparkling altar of Nemelex Xobeh.
  5697 | D:6      | Reached skill level 14 in Axes
  5904 | D:6      | Found a snail-covered altar of Cheibriados.
  5919 | D:6      | Found a shadowy altar of Dithmenos.
  5944 | D:6      | Found an ornate altar of the Wu Jian Council.
  5952 | D:6      | Reached XP level 9. HP: 70/70 MP: 9/9
  6207 | D:7      | Noticed Pikel
  6223 | D:7      | Killed Pikel
  6224 | D:7      | Reached skill level 15 in Axes
  6280 | D:7      | Reached * piety under Beogh
  6285 | D:7      | Reached skill level 16 in Axes
  6339 | D:7      | Noticed Menkaure
  6348 | D:7      | Slain by an ice beast

Illustrated notes

Levels and vault maps discovered:
D:1:      spicycebolla_arrival_xxxplode, layout_loops_cross, serial_shops,
          nicolae_shop_competitors_out_of_business
D:2:      layout_loops_cross
D:3:      layout_basic, lemuel_crystal_altar, lemuel_coloured_pillars_altar,
          marbit_many_paths, minmay_misc_feat_x
D:4:      layout_basic, minmay_temple_entry_statues_fountains, serial_shops,
          shop, cheibrodos_sewer_entry_bend, minmay_quadrilaterals
D:5:      layout_rooms, item_on_display_a, uniq_eustachio, uniq_duvessa
D:6:      layout_loops_cross, mainiacjoe_overflow_small_starburst,
          gammafunk_temple_overflow_forgotten, fiery_altar_vehumet,
          eino_tiny_chamber
D:7:      layout_rooms, nicolae_hepliaklqana_hazy_memory, uniq_menkaure,
          uniq_crazy_yiuf_cottage, uniq_pikel
Temple:   kb_temple_of_zot

Skill      XL: |  1  2  3  4  5  6  7  8  9 |
---------------+----------------------------+-----
Axes           | 3 4 5 7 8 9 11 14 16 | 16.3
Fighting       | |  3.6
Armour         | |  3.2
Shields        | |  3.2

Action                   |  1- 3 |  4- 6 |  7- 9 || total
-------------------------+-------+-------+-------++-------
Melee: War axe           |    82 |   175 |   218 ||   475
Invok: Convert to Beogh  |       |       |     1 ||     1
  Use: Scroll            |       |       |    22 ||    22
       Potion            |       |       |     4 ||     4
Armor: Scale mail        |    48 |    89 |   117 ||   254
Dodge: Dodged            |    48 |    78 |    93 ||   219
Block: Buckler           |    23 |    29 |    43 ||    95

Table legend: (Time is in decaauts)
 A = Elapsed time spent in this place.
 B = Non-inter-level travel time spent in this place.
 C = Inter-level travel time spent in this place.
 D = Time resting spent in this place.
 E = Time spent auto-exploring this place.
 F = Levels seen in this place.
 G = Mean time per level.
                   A        B        C        D        E       F      G
               +--------+--------+--------+--------+--------+-----+--------+
         Total |   6437 |   6192 |    245 |      0 |   5051 |   9 |  715.2 |
       Dungeon |   5773 |   5578 |    195 |      0 |   4594 |   7 |  824.7 |
        Temple |    142 |     92 |     50 |      0 |     78 |   1 |  142.0 |
         Sewer |    521 |    521 |      0 |      0 |    379 |   1 |  521.0 |
               +--------+--------+--------+--------+--------+-----+--------+

Top non-repeatable levels by time:
     D:6: 1146 daAuts
     D:4: 1037 daAuts
     D:1: 984 daAuts
     D:3: 924 daAuts
     D:5: 822 daAuts
     D:2: 731 daAuts
   Sewer: 521 daAuts
  Temple: 142 daAuts
     D:7: 126 daAuts
